 Dungeon Crawl Stone Soup version 0.20-a0-903-g7e3609c (webtiles) character file.

179 Hook the Skirmisher (level 5, -6/48 HPs)
             Began as a Hill Orc Fighter on Mar 21, 2017.
             Mangled by an ogre
             ... wielding a +0 giant club
              (20 damage)
             ... on level 3 of the Dungeon on Mar 22, 2017.
             The game lasted 00:27:13 (2921 turns).

Hook the Skirmisher (Hill Orc Fighter)              Turns: 2921, Time: 00:27:14

Health: -6/48      AC:  8    Str: 20    XL:     5   Next: 59%
Magic:  5/5        EV:  7    Int:  8    God:
Gold:   130        SH:  9    Dex: 10    Spells: 4/4 levels left

rFire    . . .     SeeInvis .   p - +0 falchion
rCold    . . .     Gourm    .   b - +0 scale mail
rNeg     . . .     Faith    .   c - +0 shield
rPois    .         Spirit   .   (no helmet)
rElec    .         Reflect  .   (no cloak)
rCorr    .         Harm     .   m - +0 pair of gloves
MR       .....                  (no boots)
Stlth    ..........             (no amulet)
Regen    0.2/turn               (no ring)
MPRegen  0.1/turn               (no ring)

@: no status effects
A: no striking features
a: no special abilities


You were on level 3 of the Dungeon.
You were not hungry.

You visited 1 branch of the dungeon, and saw 4 of its levels.

You collected 130 gold pieces.

Inventory:

Hand Weapons
 a - a +0 long sword
 p - a +0 falchion (weapon)
Armour
 b - a +0 scale mail (worn)
 c - a +0 shield (worn)
 m - a +0 pair of gloves (worn)
Wands
 i - a wand of disintegration (1/24)
 q - a wand of lightning (1/15)
Scrolls
 n - 5 scrolls of identify
Potions
 d - a potion of might
 e - a potion of curing {unknown}
 g - 3 potions of magic {unknown}
 k - 2 potions of brilliance {unknown}
 l - a potion of ambrosia {unknown}
 o - 2 potions of flight {unknown}
 r - a potion of heal wounds
 s - a potion of haste {unknown}
Comestibles
 f - 2 bread rations
 h - 3 royal jellies
 j - 2 meat rations


   Skills:
 * Level 5.5 Fighting
 + Level 3.4 Long Blades
 + Level 4.0 Armour
 + Level 4.1 Shields


You had 4 spell levels left.
You didn't know any spells.

Dungeon Overview and Level Annotations

Branches:
Dungeon (4/15)
 Temple: D:4-7

Altars:

Shops:
D:4 }

Annotations:
D:3 Goblin1989's ghost, amateur KoGl


Message History

You can't go down here!
The ogre hits you with a giant club!
You climb upwards.
Level annotation: Goblin1989's ghost, amateur KoGl
There is a stone staircase leading down here.
Your shield and scale mail prevent you from hitting the ogre.
The ogre hits you with a giant club.
Your shield prevents you from hitting the ogre.
You barely miss the ogre. The ogre hits you with a giant club.
* * * LOW HITPOINT WARNING * * *
You hit the ogre.
The ogre is lightly wounded.
You block the ogre's attack.
You hit the ogre but do no damage.
The ogre is lightly wounded.
The ogre hits you but does no damage.
You hit the ogre.
The ogre is lightly wounded.
The ogre hits you with a giant club!!
You die...

#........'.##.#
#........####.###
#........'.#....# ####
#........#.#..#.# ...#
#........#.#....# ##.#
######'#.#.##...# ##<#
#....#.#.#.....##
###########.....O..#######
................@#.#
####......########.#
#......# #.# #......# #.#
########### #......#
#.###........<# #......#
#.#....######## #......#
#.#...## ######## #.#...#
#.#...#####


You could see an ogre.

Vanquished Creatures
  An iguana (D:4)
  A worker ant (D:4)
  Ijyb (D:3)
  3 adders
  3 dart slugs
  An orc (D:4)
  7 bats
  4 giant cockroaches
  5 goblins
  3 hobgoblins
  14 jackals
  4 quokkas
  A ball python (D:1)
  2 frilled lizards
  9 kobolds
  7 rats
66 creatures vanquished.

Notes
Turn   | Place    | Note
-------+----------+-------------------------------------------
     0 | D:1      | Hook the Hill Orc Fighter began the quest for the Orb.
     0 | D:1      | Reached XP level 1. HP: 19/19 MP: 1/1
   191 | D:1      | Reached XP level 2. HP: 27/27 MP: 2/2
   193 | D:1      | Reached skill level 4 in Fighting
   542 | D:1      | Reached XP level 3. HP: 33/33 MP: 3/3
   909 | D:2      | Reached XP level 4. HP: 41/41 MP: 4/4
  1158 | D:3      | Noticed Goblin1989's ghost (amateur KoGl)
  1367 | D:3      | Noticed Ijyb
  1640 | D:2      | Reached skill level 5 in Fighting
  1708 | D:3      | HP: 2/42 [Goblin1989's ghost (6)]
  2155 | D:3      | Killed Ijyb
  2155 | D:3      | Reached XP level 5. HP: 31/48 MP: 5/5
  2496 | D:4      | Found Duuwuocw's Gadget Shop.
  2816 | D:4      | Noticed a phantom
  2887 | D:4      | Noticed an ogre
  2921 | D:3      | Mangled by an ogre

Vault maps used:
D:1:      scummos_arrival_hexagon
D:2:      cheibrodos_helix_gallery, minmay_misc_feat_chi
D:3:      uniq_iyjb
D:4:      lightli_temple_of_fire, first_bread, serial_shops, shop_statue,
          nicolae_dithmenos_the_darkroom

Skill      XL: |  1  2  3  4  5 |
---------------+----------------+-----
Fighting       | 4 5 |  5.5
Long Blades    | 3 |  3.4
Shields        | 4 |  4.1
Armour         | 4 |  4.0

Action                   |  1- 3 |  4- 6 || total
-------------------------+-------+-------++-------
Melee: Long sword        |   106 |    94 ||   200
       Falchion          |       |    68 ||    68
  Use: Potion            |     1 |       ||     1
       Scroll            |       |     4 ||     4
  Eat: Chunk             |       |     2 ||     2
       Meat ration       |       |     1 ||     1
Armor: Scale mail        |    76 |    70 ||   146
Dodge: Dodged            |    44 |    36 ||    80
Block: Shield            |    60 |    75 ||   135
       Rpst.: Long sword |    14 |    10 ||    24
       Falchion          |       |     2 ||     2
